Map: Oxide LE

Players

Bunny

  • Race: Terran Terran
  • Spawn Location: 1:00

ShoWTimE - Winner!

  • Race: Protoss Protoss
  • Spawn Location: 7:00

Event: StayAtHome Story Cup #3

VOD

Have the link to the VOD?

Description

Time

  • Played on: March 11, 2021, 8:07 a.m.
  • Length: 7:44

All games in this series

Show
View Real Time Build Order
Export as new Build Order

Bunny Terran 

Build Orders: 1/1/1 

Get SALT Encoding   

  12  0:00  SCV  
  13  0:12  SCV  
  14  0:17  Supply Depot  
  14  0:24  SCV  
  15  0:39  SCV  
  15  0:40  Barracks  
  15  0:42  Refinery  
  16  0:51  SCV  
  16  0:52  Refinery  
  17  1:03  SCV  
  18  1:07  Supply Depot  
  18  1:15  SCV  
  19  1:28  Orbital Command, Reaper  
  20  1:41  Factory  
  20  1:53  SCV  
  21  2:00  Barracks Reactor  
  21  2:05  SCV  
  22  2:18  SCV  
  23  2:25  Widow Mine, Starport  
  25  2:30  SCV, Supply Depot  
  25  2:36  Marine x2  
  28  2:42  SCV  
  29  2:46  Widow Mine  
  29  2:49  Armory  
  31  2:54  SCV, Marine x2  
  34  3:02  Medivac  
  36  3:07  Widow Mine  
  39  3:15  Supply Depot  
  39  3:17  Supply Depot  
  39  3:19  Marine  
  39  3:30  Factory Tech Lab  
  39  3:37  Marine x2  
  39  3:38  Supply Depot  
  41  3:51  Thor  
  41  3:54  Marine x2  
  49  3:58  Medivac  
  51  4:12  Marine x2  
  53  4:21  Supply Depot  
  51  4:30  Marine x2  
  50  4:39  Thor  
  52  4:48  Marine x2  
  54  4:54  SCV, Medivac  
  57  5:06  Marine x2  
  58  5:22  SCV  
  58  5:23  Marine x2  
  61  5:29  Viking  
  63  5:41  Marine x2  
  62  6:03  Thor  
  64  6:07  Marine x2  
  46  6:20  Medivac  
  46  6:24  Marine x2  
  36  6:29  SCV  
  37  6:42  Marine x2  
  37  6:50  SCV  
  38  7:00  Marine x2  
  40  7:01  Command Center  
  40  7:03  SCV  
  47  7:22  Marine  
  49  7:30  SCV  
Show
View Real Time Build Order
Export as new Build Order

ShoWTimE Protoss - Winner!

Build Orders: 1 Gate Expand, Oracle Opening, Phoenix Opening 

Get SALT Encoding   

  12  0:00  Probe  
  13  0:12  Probe  
  14  0:17  Pylon  
  14  0:24  Probe  
  15  0:35  Gateway  
  15  0:36  Probe (Chrono Boost)  
  16  0:46  Probe (Chrono Boost), Assimilator  
  17  0:51  Probe (Chrono Boost)  
  18  1:03  Probe  
  19  1:15  Probe  
  20  1:22  Cybernetics Core  
  20  1:32  Nexus  
  20  1:35  Probe  
  21  1:42  Pylon  
  21  1:48  Assimilator  
  21  1:50  Probe  
  22  1:57  Adept (Chrono Boost)  
  24  2:02  Probe  
  25  2:15  Probe  
  26  2:17  Adept (Chrono Boost)  
  28  2:25  Stargate  
  28  2:27  Probe  
  29  2:33  Warp Gate  
  29  2:39  Probe  
  29  2:44  Adept  
  32  2:46  Probe (Chrono Boost)  
  34  2:56  Probe (Chrono Boost)  
  34  2:58  Probe (Chrono Boost)  
  35  3:04  Probe (Chrono Boost)  
  35  3:05  Probe (Chrono Boost)  
  37  3:06  Oracle (Chrono Boost)  
  40  3:13  Probe  
  40  3:15  Probe  
  40  3:17  Gateway  
  42  3:21  Gateway  
  42  3:24  Pylon  
  42  3:25  Probe  
  43  3:28  Probe  
  44  3:36  Phoenix  
  46  3:42  Probe x2  
  46  3:43  Pylon  
  48  3:55  Probe x2  
  50  4:06  Phoenix (Chrono Boost)  
  50  4:07  Probe x2  
  52  4:19  Probe x2  
  53  4:25  Phoenix (Chrono Boost)  
  53  4:31  Probe x2  
  54  4:43  Probe x2  
  56  4:49  Pylon  
  58  4:55  Pylon  
  58  4:56  Adept  
  58  4:58  Pylon, Void Ray (Chrono Boost)  
  62  5:03  Stalker  
  64  5:08  Stalker  
  64  5:09  Pylon  
  66  5:18  Shield Battery, Stalker  
  66  5:19  Pylon  
  68  5:21  Pylon  
  68  5:23  Gateway, Pylon  
  68  5:34  Shield Battery  
  68  5:44  Stalker  
  68  5:48  Void Ray  
  70  5:51  Shield Battery  
  72  6:07  Probe  
  72  6:12  Stalker  
  72  6:13  Probe  
  72  6:21  Probe  
  73  6:29  Forge  
  73  6:31  Twilight Council  
  73  6:35  Probe  
  73  6:36  Probe  
  73  6:39  Adept x2  
  79  6:54  Shield Battery  
  79  6:56  Pylon  
  79  6:58  Gateway  
  75  7:04  Probe x2  
  75  7:06  Stalker  
  79  7:09  Assimilator, Stalker  
  79  7:12  Assimilator  
  79  7:14  Shield Battery  
  81  7:32  Gateway  
  81  7:34  Gateway  
  81  7:36  Zealot x2  
Tags
 
Add a new tag
Caveats
  • Supply blocks, unpowered buildings, or Contaminate may cause inaccurate times.
  • Supply counts are checked every 10 seconds.